 Dungeon Crawl Stone Soup version 0.22-a0-305-gd21a89c538 (webtiles) character file.

2263 RKaid the Grappler (level 9, -9/76 (79) HPs)
             Began as a Ghoul Warper on Mar 29, 2018.
             Was an Initiate of Makhleb.
             Shot with a bolt by an orc warrior (23 damage)
             ... in a bailey.
             The game lasted 00:31:31 (7904 turns).

RKaid the Grappler (Ghoul Warper)                   Turns: 7904, Time: 00:31:32

HP:   -9/76 (79)    AC: 10    Str: 17    XL:     9   Next: 38%
MP:   11/11         EV: 11    Int:  9    God:    Makhleb [......]
Gold: 252           SH:  0    Dex:  8    Spells: 3/12 levels left

rFire    . . .     SeeInvis .   a - +1 hunting sling
rCold    + . .     Gourm    .   (no shield)
rNeg     + + +     Faith    .   b - +1 ring mail
rPois    ∞         Spirit   .   (no helmet)
rElec    .         Reflect  .   (no cloak)
rCorr    .         Harm     .   (no gloves)
MR       .....                  t - +0 pair of boots
Stlth    +.........             (no amulet)
HPRegen  0.00/turn              y - +3 ring of protection
MPRegen  0.12/turn              H - ring of stealth {Stlth+}

@: rotting
A: rotting body, claws 1, carnivore, cold resistance 1, negative energy
resistance 3, inhibited regeneration, torment resistance, unbreathing
a: Renounce Religion


You were in a bailey.
You worshipped Makhleb.
Makhleb was noncommittal.
You were not hungry.

You visited 2 branches of the dungeon, and saw 9 of its levels.
You also visited: Bailey.

You collected 276 gold pieces.
You spent 24 gold pieces at shops.

Inventory:

Hand Weapons
 a - a +1 hunting sling (weapon)
   (You took it off a goblin on level 2 of the Dungeon)
 w - the +8 short sword of Tiock {flame, Int+10}
   (You found it on level 5 of the Dungeon)

   It has been specially enchanted to burn those struck by it, causing extra
   injury to most foes and up to half again as much damage against particularly
   susceptible opponents.
   It affects your intelligence (+10).
Missiles
 d - 5 tomahawks of dispersal {=f}
 g - 142 stones
 n - 3 throwing nets {=f}
 u - 28 sling bullets (quivered)
 x - 9 tomahawks
Armour
 b - a +1 ring mail (worn)
   (You found it on level 1 of the Dungeon)
 t - a +0 pair of boots (worn)
   (You found it on level 5 of the Dungeon)
Jewellery
 y - a +3 ring of protection (left claw)
   (You took it off a hobgoblin on level 3 of the Dungeon)
 H - a ring of stealth (right claw) {Stlth+}
   (You found it on level 7 of the Dungeon)
Scrolls
 i - a scroll of identify
 k - 2 scrolls of enchant weapon
 l - a scroll of blinking {!r}
 o - 4 scrolls of remove curse
 s - 2 scrolls of enchant armour
 v - a scroll of magic mapping {!r}
Potions
 c - 2 potions of curing
 e - a potion of haste {unknown}
 h - 2 potions of heal wounds
 j - 2 potions of brilliance
 m - a potion of agility
 p - a potion of magic
 r - a potion of lignification {unknown}
 z - a potion of experience {unknown}
 A - 2 potions of flight
 B - a potion of berserk rage {unknown}
 C - a potion of degeneration {unknown}
 D - 3 potions of cancellation {unknown}
 F - 2 potions of might {unknown}
 G - a potion of ambrosia {unknown}
Comestibles
 f - 13 rations


   Skills:
 + Level 7.1 Fighting
 - Level 0.8 Throwing
 - Level 1.6 Armour
 - Level 1.7 Dodging
 * Level 9.9 Unarmed Combat
 - Level 2.2 Spellcasting
 + Level 2.9 Hexes
 - Level 4.0 Translocations


You had 3 spell levels left.
You knew the following spells:

 Your Spells              Type           Power        Failure   Level  Hunger
a - Confusing Touch       Hex            #.....       17%         1    ##.....
A - Shroud of Golubria    Chrm/Tloc      #.........   36%         2    ###....
B - Blink                 Tloc           N/A          17%         2    ###....
C - Passage of Golubria   Tloc           N/A          73%         4    #####..


Dungeon Overview and Level Annotations

Branches:
Dungeon (8/15)             Temple (1/1) D:7
   Lair: D:8-11

Altars:
Ashenzari
Cheibriados
Dithmenos
Elyvilon
Fedhas
Gozag
Hepliaklqana
Kikubaaqudgha
Makhleb
Nemelex Xobeh
Okawaru
Qazlal
Ru
Sif Muna
Trog
Uskayaw
Vehumet
Wu Jian
Xom
Yredelemnul
Zin
The Shining One

Shops:
D:5 *   D:7 (

Annotations:
D:6 Sigmund
D:7 1 exclusion


Innate Abilities, Weirdness & Mutations

Your body is rotting away.
You thrive on raw meat.
You are immune to poison.
You have sharp fingernails.
You are carnivorous and can eat meat at any time.
Your flesh is cold resistant. (rC+)
You are immune to negative energy. (rN+++)
You do not regenerate when monsters are visible.
You are immune to unholy pain and torment.
You can survive without breathing.


Message History

There is a burning altar of Makhleb here.
Drop what? 33/52 slots (_ for help) (? for menu, Esc to quit)
You start removing your armour.
You continue taking off your +0 pair of gloves. x4
You finish taking off your +0 pair of gloves.
You drop a +0 pair of gloves.
Put on which piece of jewellery? (? for menu, Esc to quit)
H - a ring of stealth (right claw) Put on which piece of jewellery? (? for menu, Esc to quit)
Okay, then.
There is a burning altar of Makhleb here.
You kneel at the altar of Makhleb.
Makhleb welcomes you!
There is an open door here.
You open the door.
There is an open door here.
There is a staircase back to the Dungeon here.
You climb upwards.
Welcome back to the Dungeon!
Level annotation: 1 exclusion
There is a staircase to the Ecumenical Temple here.
Things that are here:
a ring mail; a whip
There is an open door here.
There is an open door here.
f - 12 rations (gained 1)
A centaur skeleton comes into view.
The centaur skeleton closely misses you.
You claw the centaur skeleton! x2
The centaur skeleton hits you but does no damage.
You claw the centaur skeleton!
You destroy the centaur skeleton!
Makhleb accepts your kill.
There is an open door here.
You feel your flesh rotting away.
There is an open door here.
Partly explored, can't reach some items and places.
There is a stone staircase leading down here.
You climb downwards.
You hear the roar of battle.
There is an entrance to a bailey on this level.
Hurry and find it before the portal closes forever!
There is a stone staircase leading up here.
Okay, then.
Found three spears, a halberd and 23 stones.
Found a flagged portal.
You now have 252 gold pieces (gained 7).
f - 13 rations (gained 1)
There is a flagged portal here.
The world spins around you as you enter the gateway.
You enter a bailey!
Found a gate leading back out of this place.
There is an empty arch of ancient stone here.
There is an empty arch of ancient stone here.
The orc shouts!
The orc shoots a bolt.
The bolt hits you but does no damage.
You hear a shout!
You see here a bolt.
The orc shoots a bolt.
The bolt hits you but does no damage.
You see here a bolt.
The orc shoots a bolt.
The bolt hits you!
You see here a bolt.
The orc shoots a bolt.
The bolt closely misses you.
You see here a bolt.
The orc shoots a bolt.
The bolt hits you.
You see here a bolt.
The orc shoots a bolt.
The bolt barely misses you.
You see here a bolt.
The orc shoots a bolt.
The bolt closely misses you.
You see here a bolt.
The orc shoots a bolt.
The bolt hits you.
You see here a bolt.
The orc shoots a bolt.
The bolt completely misses you.
You see here a bolt.
The orc shoots a bolt.
The bolt hits you.
a - a +1 hunting sling (weapon)
The orc warrior shouts!
You hear a shout!
The orc warrior shoots a bolt.
The bolt hits you!
The orc shoots a bolt.
The bolt hits you but does no damage.
You see here a bolt.
The orc shoots a bolt.
The bolt barely misses you.
You see here a bolt.
You see here a bolt.
The orc shoots a bolt.
The bolt hits you.
You see here 2 bolts.
The orc shoots a bolt.
The bolt barely misses you.
You see here 2 bolts.
You see here a bolt.
The orc shoots a bolt.
The bolt hits you!
You see here 2 bolts.
The orc shoots a bolt.
The bolt hits you!
* * * LOW HITPOINT WARNING * * *
You see here a bolt.
The orc shoots a bolt.
The bolt closely misses you.
You see here 2 bolts.
You see here a bolt.
The orc shoots a bolt.
The bolt closely misses you.
The orc shoots a bolt.
The bolt barely misses you.
You see here 2 bolts.
There is a gate leading back out of this place here.
The orc warrior shoots a bolt.
The bolt hits you!!
You die...

##≈......#
....≈≈#o#≈≈......#
.....≈≈≈≈≈.......#
.................#
.................#
.................#
.................#
...............∩.#
.((((.(((o((.(..@#
##################


You could see an orc warrior.

Vanquished Creatures
  Prince Ribbit (D:7)
  Edmund (D:4)
  A sky beast (D:7)
  3 ogres
  An orc warrior (D:6)
  A centaur (D:5)
  A big kobold (D:6)
  4 bullfrogs
  A scorpion (D:6)
  A wight (D:7)
  A howler monkey (D:7)
  4 crimson imps
  A bullfrog skeleton (D:7)
  3 hounds
  A jelly (D:6)
  5 orc wizards
  2 centaur skeletons (D:7)
  2 orc priests
  7 worker ants
  7 gnolls
  A howler monkey skeleton (D:4)
  6 adders
  A shadow imp (D:5)
  An ooze (D:1)
  2 adder skeletons
  6 worms
  2 dart slugs
  5 leopard geckos
  14 orcs
  7 bats
  13 giant cockroaches
  8 goblins
  3 hobgoblins
  8 jackals
  2 quokkas
  4 ball pythons
  4 frilled lizards
  16 kobolds
  A quokka zombie (D:7)
  15 rats
167 creatures vanquished.

Notes
Turn   | Place    | Note
-------+----------+-------------------------------------------
     0 | D:1      | RKaid the Ghoul Warper began the quest for the Orb.
     0 | D:1      | Reached XP level 1. HP: 17/17 MP: 2/2
    93 | D:1      | Reached skill level 1 in Armour
   131 | D:1      | Reached XP level 2. HP: 25/25 MP: 3/3
   139 | D:1      | Learned a level 2 spell: Blink
   142 | D:1      | Learned a level 2 spell: Shroud of Golubria
   242 | D:1      | Reached skill level 2 in Spellcasting
   439 | D:1      | Reached XP level 3. HP: 30/30 MP: 5/5
   464 | D:1      | Reached skill level 3 in Unarmed Combat
   938 | D:2      | Reached XP level 4. HP: 13/37 MP: 3/6
   949 | D:2      | Found a basalt altar of Yredelemnul.
   984 | D:2      | Found a sacrificial altar of Ru.
   989 | D:2      | Found a shadowy altar of Dithmenos.
   992 | D:2      | Found a hide-covered altar of Uskayaw.
   994 | D:2      | Found a bloodstained altar of Trog.
   995 | D:2      | Found a white marble altar of Elyvilon.
  1209 | D:2      | Reached skill level 3 in Fighting
  1747 | D:2      | Reached skill level 4 in Unarmed Combat
  1747 | D:2      | Reached XP level 5. HP: 33/45 MP: 7/7
  2001 | D:3      | Reached skill level 3 in Translocations
  2288 | D:3      | HP: 10/45 [leopard gecko (3)]
  3422 | D:4      | Reached XP level 6. HP: 51/51 MP: 8/8
  3455 | D:4      | HP: 13/52 [worker ant (2)]
  3456 | D:4      | Reached skill level 5 in Unarmed Combat
  3462 | D:4      | HP: 8/52 [gnoll/club (3)]
  3551 | D:4      | Found a sparkling altar of Nemelex Xobeh.
  3608 | D:4      | Noticed Edmund
  3783 | D:4      | Reached skill level 4 in Fighting
  4071 | D:4      | Killed Edmund
  4071 | D:4      | Reached XP level 7. HP: 55/60 MP: 9/9
  4129 | D:5      | Entered Level 5 of the Dungeon
  4131 | D:5      | Reached skill level 6 in Unarmed Combat
  4206 | D:5      | Reached skill level 4 in Translocations
  4392 | D:5      | Learned a level 1 spell: Confusing Touch
  4397 | D:5      | Learned a level 4 spell: Passage of Golubria
  4526 | D:5      | Found a glowing silver altar of Zin.
  4734 | D:5      | Found a stormy altar of Qazlal.
  4735 | D:5      | Noticed a fire elemental
  4735 | D:5      | Noticed a water elemental
  4735 | D:5      | Noticed an air elemental
  4870 | D:5      | Found Wubros's Assorted Antiques.
  4890 | D:5      | Bought a scroll labeled UFIALU HIWOSS for 24 gold pieces
  5145 | D:5      | Got a slimy short sword
  5157 | D:5      | Identified the +8 short sword of Tiock {flame, Int+10} (You found it on level 5 of the Dungeon)
  5213 | D:6      | Reached skill level 5 in Fighting
  5213 | D:6      | Reached skill level 7 in Unarmed Combat
  5329 | D:6      | Reached XP level 8. HP: 60/64 MP: 10/10
  5398 | D:6      | Found a glowing golden altar of the Shining One.
  5398 | D:6      | Found an iron altar of Okawaru.
  5485 | D:6      | Noticed Sigmund
  5828 | D:6      | Reached skill level 8 in Unarmed Combat
  6033 | D:6      | Reached skill level 1 in Hexes
  6163 | D:6      | Reached skill level 6 in Fighting
  6461 | D:7      | Noticed Prince Ribbit
  6626 | D:7      | Found Entitauv's Antique Weapon Boutique.
  6834 | D:7      | Reached skill level 9 in Unarmed Combat
  6909 | D:7      | Reached skill level 2 in Hexes
  6986 | D:7      | Reached XP level 9. HP: 48/78 MP: 9/11
  7023 | D:7      | Killed Prince Ribbit
  7292 | D:7      | Reached skill level 7 in Fighting
  7447 | D:7      | Found a faded altar of an unknown god.
  7449 | D:7      | Found a staircase to the Ecumenical Temple.
  7459 | Temple   | Entered the Ecumenical Temple
  7640 | Temple   | Became a worshipper of Makhleb the Destroyer
  7848 | D:8      | Found a flagged portal.
  7865 | Bailey   | Entered a bailey
  7896 | Bailey   | HP: 14/76 [orc/bolt (12)]
  7904 | Bailey   | Shot with a bolt by an orc warrior

Vault maps used:
D:1:      mrwooster_arrival_arrow
D:2:      minmay_roachtagon, minitemple, serial_bayou, serial_bayou_shore_b,
          serial_bayou_pond_a, serial_bayou_crossing, serial_bayou_lagoon_b,
          serial_bayou_pond_e
D:3:      first_ration
D:4:      nemelex_xobeh_ov_fountains_minmay, uniq_edmund
D:5:      zin_academy, serial_shops, nicolae_shop_overgrown_old_shop,
          nicolae_qazlal_style_of_elements
D:6:      gammafunk_temple_overflow_pools, uniq_sigmund
D:7:      cheibrodos_two_vegetables, nicolae_temple_entry_ecumenical,
          serial_shops, kennysheep_mini_moat, uniq_prince_ribbit1
D:8:      grunt_lair_entry_orc_guard_hut, enter_bailey_2, serial_shops,
          kennysheep_mini
Temple:   nicolae_temple_figure_eight
Bailey:   bailey_polearm_2, bailey

Skill      XL: |  1  2  3  4  5  6  7  8  9 |
---------------+----------------------------+-----
Armour         | 1 |  1.6
Spellcasting   | 2 |  2.2
Unarmed Combat | 3 4 5 7 9 |  9.9
Fighting       | 3 4 5 6 7 |  7.1
Translocations | 3 4 |  4.0
Hexes          | 2 |  2.9
Throwing       | |  0.8
Dodging        | |  1.7

Action                   |  1- 3 |  4- 6 |  7- 9 || total
-------------------------+-------+-------+-------++-------
Melee: Unarmed           |   146 |   281 |   380 ||   807
       Punch             |     1 |     5 |    13 ||    19
 Fire: Hunting sling     |       |    18 |       ||    18
Throw: Throwing net      |       |     2 |       ||     2
 Cast: Shroud of Golubri |     1 |     8 |    10 ||    19
       Confusing Touch   |       |       |     9 ||     9
       Blink             |       |       |     1 ||     1
  Use: Scroll            |       |    13 |     5 ||    18
 Stab: Confused          |       |       |     3 ||     3
  Eat: Chunk             |     9 |    27 |    31 ||    67
Armor: Ring mail         |    56 |    68 |   150 ||   274
       Chain mail        |       |     9 |       ||     9
Dodge: Dodged            |    94 |   126 |   181 ||   401

Table legend:
 A = Spawn XP
 B = Non-spawn XP
 C = Spawn XP percentage of total XP
 D = Spawn monster count
 E = Non-spawn monster count
 F = Spawn count percentage of total count
 G = Total turns spent on level
                    A         B        C        D         E        F      G
               +---------+---------+-------+---------+---------+-------+---------
         Total |       0 |    3233 |   0.0 |       0 |     167 |   0.0 |  7904
               +---------+---------+-------+---------+---------+-------+---------
           D:1 |       0 |      56 |   0.0 |       0 |      31 |   0.0 |   865
           D:2 |       0 |     129 |   0.0 |       0 |      34 |   0.0 |  1516
           D:3 |       0 |     119 |   0.0 |       0 |      24 |   0.0 |   935
           D:4 |       0 |     418 |   0.0 |       0 |      15 |   0.0 |   823
           D:5 |       0 |     330 |   0.0 |       0 |      12 |   0.0 |  1333
           D:6 |       0 |     955 |   0.0 |       0 |      26 |   0.0 |  1070
           D:7 |       0 |    1226 |   0.0 |       0 |      25 |   0.0 |  1096
               +---------+---------+-------+---------+---------+-------+---------

Table legend:
 A = Turns spent in this place as a percentage of turns spent in the entire game.
 B = Non-inter-level travel turns spent in this place as a percentage of non-inter-level travel turns spent in the entire game.
 C = Inter-level travel turns spent in this place as a percentage of turns spent in this place.
 D = Turns resting spent in this place as a percentage of non-inter-level travel turns spent in this place.
 E = Turns spent auto-exploring this place as a percentage of non-inter-level travel turns spent in this place.
 F = Non-inter-level travel turns spent in this place divided by the number of levels of this place that you've seen.
                   A       B       C       D       E      F
               +-------+-------+-------+-------+-------+----------------------
         Total | 100.0 | 100.0 |   4.3 |  21.4 |  48.5 | 756.4
       Dungeon |  96.9 |  97.1 |   4.1 |  22.0 |  47.6 | 917.8
        Temple |   2.6 |   2.4 |  12.0 |   0.0 |  92.3 | 183.0
        Bailey |   0.5 |   0.5 |   0.0 |   0.0 |   0.0 |  39.0
               +-------+-------+-------+-------+-------+----------------------

Table legend:
 A = Kills in this place as a percentage of kills in entire the game.
 B = Kills by you in this place as a percentage of kills by you in the entire game.
 C = Kills by friends in this place as a percentage of kills by friends in the entire game.
 D = Other kills in this place as a percentage of other kills in the entire game.
 E = Experience gained in this place as a percentage of experience gained in the entire game.
 F = Experience gained in this place divided by the number of levels of this place that you have seen.
                   A       B       C       D       E      F
               +-------+-------+-------+-------+-------+----------------------
         Total | 100.0 | 100.0 |   N/A | 100.0 | 100.0 | 323.3
       Dungeon | 100.0 | 100.0 |   N/A | 100.0 | 100.0 | 404.1
               +-------+-------+-------+-------+-------+----------------------
